 Dungeon Crawl Stone Soup version 0.16.0-18-g484a79e (webtiles) character file.

51 maniek23 the Insei (level 3, -1/28 HPs)
             Began as a Draconian Transmuter on Mar 22, 2015.
             Slain by a worm (10 damage)
             ... on level 2 of the Dungeon.
             The game lasted 00:03:46 (1623 turns).

maniek23 the Insei (Draconian Transmuter)           Turns: 1623, Time: 00:03:46

Health: -1/28      AC:  5    Str: 12    XL:     3   Next: 58%
Magic:  5/6        EV: 13    Int: 13    God:
Gold:   141        SH:  0    Dex: 12    Spells: 2 memorised, 3 levels left

rFire  . . .     SeeInvis .       - Unarmed
rCold  . . .     Clarity  .     (armour unavailable)
rNeg   . . .     SustAb   .     (no shield)
rPois  .         Gourm    .     (helmet restricted)
rElec  .         Spirit   .     (no cloak)
rCorr  .         Warding  .     (no gloves)
rMut   .         Stasis   .     (boots unavailable)
MR     .....                    (no amulet)
Stlth  +.........               (no ring)
                                (no ring)

@: appendage (expiring), not resistant to hostile enchantments, very unstealthy
A: unfitting armour, talons 3, cold-blooded, AC +5
a: End Transformation


You were on level 2 of the Dungeon.
You were not hungry.
You had grown temporary talons.
You visited 1 branch of the dungeon, and saw 2 of its levels.

You collected 141 gold pieces.

Inventory:

Missiles
 b - 12 arrows
Magical devices
 c - a wand of random effects (15)
 p - a wand of fireball (7)
Scrolls
 g - a scroll of fog {unknown}
 h - 2 scrolls of identify {unknown}
 i - a scroll of enchant weapon {unknown}
 k - a scroll of random uselessness {unknown}
 l - a scroll of teleportation {unknown}
Potions
 e - 2 potions of heal wounds {unknown}
 f - a potion of flight {unknown}
 n - 2 potions of cancellation {unknown}
 o - a potion of invisibility {unknown}
Books
 d - a book of Changes

   Spells                             Type                      Level
   a - Beastly Appendage              Transmutation                1
   b - Sticks to Snakes               Transmutation                2
   c - Spider Form                    Transmutation/Poison         3
   d - Ice Form                       Ice/Transmutation            4
   e - Blade Hands                    Transmutation                5
Comestibles
 a - a bread ration
 j - a meat ration
 m - a chunk of flesh


   Skills:
 + Level 1.4 Fighting
 + Level 2.8 Dodging
 + Level 3.4 Unarmed Combat
 + Level 2.2 Spellcasting
 + Level 2.2 Transmutations


You had 3 spell levels left.
You knew the following spells:

 Your Spells              Type           Power        Failure   Level  Hunger
a - Beastly Appendage     Trmt           #.....       12%         1    ##.....
b - Sticks to Snakes      Trmt           #.........   17%         2    ###....


Dungeon Overview and Level Annotations

Branches:
Dungeon (2/15)

Altars:
Dithmenos

Annotations:
D:2 Jessica


Innate Abilities, Weirdness & Mutations

Your plain brown scales are hard (AC +5).
Your body does not fit into most forms of armour.
Your cold-blooded metabolism reacts poorly to cold.
You have claws for feet.


Message History

You tail-slap the worm, but do no damage.
The worm is heavily wounded.
The worm closely misses you.
You hit the worm. Your kick misses the worm.
The worm is heavily wounded.
You hit the worm. You claw the worm.
The worm is severely wounded.
The worm bites you!
You hit the worm.
The worm is almost dead.
You hit the worm. You tail-slap the worm.
The worm is almost dead.
The worm bites you!
You completely miss the worm. Your kick misses the worm.
The worm is almost dead.
Your transformation is almost over.
You barely miss the worm.
The worm is almost dead.
The worm bites you!
You die...

....#
###.#################
#.................#
############......#
#.###### #.# #.#
#.#########.
#..@w.......
############


You could see a worm.

Vanquished Creatures
  2 adders (D:2)
  2 giant cockroaches (D:2)
  6 goblins (D:1)
  3 hobgoblins
  5 kobolds
  2 ball pythons (D:2)
  8 bats
  A giant newt (D:2)
  2 jackals (D:2)
  6 rats
37 creatures vanquished.

Notes
Turn   | Place    | Note
--------------------------------------------------------------
     0 | D:1      | maniek23, the Draconian Transmuter, began the quest for the Orb.
     0 | D:1      | Reached XP level 1. HP: 16/16 MP: 3/3
   270 | D:1      | Reached XP level 2. HP: 21/23 MP: 4/4
   839 | D:2      | Learned a level 2 spell: Sticks to Snakes
  1014 | D:2      | Noticed Jessica
  1036 | D:2      | Reached XP level 3. HP: 12/28 MP: 4/6
  1460 | D:2      | Found a shadowy altar of Dithmenos.
  1623 | D:2      | Slain by a worm

Action                   || total
-------------------------++-------
Melee: Unarmed           ||   150
 Cast: Beastly Appendage ||     4
  Eat: Chunk             ||     2
